 Dungeon Crawl Stone Soup version 0.31-a0-833-gc15d34cb79 (webtiles) character file.

Game seed: 16062285640912226697

71 wildpjah the Stinger (level 4, 0/33 HPs)
             Began as a Draconian Venom Mage on Sept 25, 2023.
             Killed from afar by an orc wizard (6 damage)
             ... with a magic dart
             ... on level 4 of the Dungeon.
             The game lasted 00:06:32 (2754 turns).

wildpjah the Stinger (Draconian Venom Mage)         Turns: 2754, Time: 00:06:32

Health: 0/33       AC:  5    Str: 11    XL:     4   Next: 5%
Magic:  1/7        EV: 12    Int: 17    God:
Gold:   194        SH:  0    Dex: 11    Spells: 5/8 levels left

rFire   . . .        h - +0 mace
rCold   + . .        (no shield)
rNeg    . . .        (body armour unavailable)
rPois   .            k - +0 hat
rElec   .            (no cloak)
rCorr   .            (no gloves)
SInv    .            (no boots)
Will    .....        (no amulet)
Stlth   ++           e - ring of ice
HPRegen 0.25/turn    l - ring of protection from fire
MPRegen 0.10/turn

%: no passive effects
@: no status effects
A: AC +5, unfitting armour, cold-blooded
a: no special abilities


You were on level 4 of the Dungeon.
You visited 1 branch of the dungeon, and saw 4 of its levels.

You collected 194 gold pieces.

Inventory:

Hand Weapons
 h - a +0 mace (weapon)
Armour
 k - a +0 hat (worn)
Jewellery
 e - a ring of ice (left hand)
 l - a ring of protection from fire (right hand)
 n - a ring of protection from cold
Scrolls
 c - 4 scrolls of fear {unknown}
 g - a scroll of teleportation {unknown}
 i - a scroll of enchant armour {unknown}
 j - 2 scrolls of amnesia {unknown}
 o - a scroll of identify {unknown}
Potions
 a - a potion of magic
 b - 2 potions of heal wounds {unknown}
 d - a potion of brilliance {unknown}
 f - a potion of enlightenment {unknown}
 m - a potion of resistance {unknown}
 p - a potion of degeneration {unknown}


   Skills:
 + Level 0.3 Fighting
 + Level 1.9 Dodging
 + Level 2.2 Stealth
 + Level 0.7 Unarmed Combat
 + Level 2.5 Spellcasting
 + Level 1.5 Transmutations
 + Level 0.2 Air Magic
 + Level 3.7 Poison Magic


You had 5 spell levels left.
You knew the following spells:

 Your Spells              Type           Power      Damage    Failure   Level
a - Sting                 Tmut/Pois      44%        1d5       6%          1
b - Poisonous Vapours     Pois/Air       16%        N/A       12%         2

Your spell library contained the following spells:

 Spells                   Type           Power      Damage    Failure   Level
 Mephitic Cloud           Conj/Pois/Air  6%         N/A       32%         3
 Olgreb's Toxic Radiance  Pois           14%        N/A       36%         4


Dungeon Overview and Level Annotations

Branches:
Dungeon (4/15)
 Temple: D:4-7

Altars:
Uskayaw
Vehumet
Yredelemnul
The Shining One


Innate Abilities, Weirdness & Mutations

Your plain brown scales are hard. (AC +5)
You cannot fit into any form of body armour.
You are cold-blooded and may be slowed by cold attacks.


Message History

Press: ? - help, Dir - move target, f - orc priest, p - orc wizard
Aim: an orc priest, wielding a +0 short sword and wearing a +0 leather armour Poisonous vapours surround the orc priest!
The orc priest is poisoned.
The orc wizard closely misses you.
The orc wizard hits you with a +0 dagger.
You completely miss the orc wizard.
The orc wizard is moderately wounded.
The orc wizard gestures wildly while chanting.
The orc wizard flickers and vanishes!
Deactivating autopickup; reactivate with Ctrl-A.
The orc closely misses you.
The orc wizard gestures wildly while chanting.
The orc wizard flickers and vanishes!
The orc wizard hits you but does no damage.
You closely miss something.
The orc wizard looks more healthy.
The jelly completely misses you. The orc misses you.
The orc wizard points at you and mumbles some strange words.
The puff of flame hits you! Something hits you but does no damage.
You sock the orc wizard!
The orc wizard is almost dead.
The orc priest looks more healthy.
The jelly hits you but does no damage. The orc closely misses you.
The orc wizard barely misses you. Something hits you.
The jelly closely misses you. Something hits you.
* * * LOW HITPOINT WARNING * * *
The orc completely misses you.
The orc wizard hits you with a +0 dagger.
* * * LOW HITPOINT WARNING * * *
Your magical contamination has completely faded away.
You sock the orc priest!
The orc priest is almost dead.
The scorpion stings you.
* * * LOW HITPOINT WARNING * * *
The orc priest closely misses you. The jelly hits you but does no damage.
The scorpion stings you but does no damage.
Something hits you.
* * * LOW HITPOINT WARNING * * *
You hear some strange, mumbled words.
A magic dart appears from out of thin air!
The magic dart hits you.
You die...

... ..## #
...##.. ##
.⌠....~ #.
.....~. #.
..~..~.
##.#.#o#s.≈~~~.
#.....{@oo~≈~~.
##....Jo..~~~~~
#.#.###.......
.. ....... #.
?...... #
..###.# ..# #
..#


You could see a scorpion, a jelly, an orc priest, an orc wizard and 2 orcs.

Vanquished Creatures
  2 adders
  2 dart slugs (D:3)
  3 orcs (D:2)
  3 bats
  4 endoplasms
  2 giant cockroaches (D:3)
  5 goblins
  6 hobgoblins
  A quokka (D:1)
  4 ball pythons
  2 frilled lizards
  3 kobolds
  7 rats
44 creatures vanquished.

Notes
Turn   | Place    | Note
-------+----------+-------------------------------------------
     0 | D:1      | wildpjah the Draconian Venom Mage began the quest for the
                  | Orb.
     0 | D:1      | Reached XP level 1. HP: 14/14 MP: 3/3
   255 | D:1      | Reached XP level 2. HP: 15/20 MP: 0/5
   876 | D:2      | Reached XP level 3. HP: 16/26 MP: 6/6
  1298 | D:2      | Learned a level 2 spell: Poisonous Vapours
  1809 | D:3      | Found a radiant altar of Vehumet.
  1849 | D:3      | Found a basalt altar of Yredelemnul.
  2320 | D:3      | Found a hide-covered altar of Uskayaw.
  2473 | D:3      | Reached XP level 4. HP: 33/33 MP: 0/7
  2686 | D:3      | Found a glowing golden altar of the Shining One.
  2749 | D:4      | Noticed a scorpion
  2754 | D:4      | Killed from afar by an orc wizard

Illustrated notes

Levels and vault maps discovered:
D:1:      evilmike_arrival_home_sweet_home, layout_basic
D:2:      layout_basic, minmay_misc_feat_columns
D:3:      layout_basic, mainiacjoe_overflow_six_doors_small, tso_oasis_becter,
          nicolae_vehumet_altar_sigil, yredelemnul_altar_generic
D:4:      layout_loops_ring, kiku_gazebo_pond_becter, minmay_crystal_room,
          nicolae_nh_ransacked_shop, uniq_blork_the_orc

Skill      XL: |  1 |
---------------+----+-----
Stealth        | 2 |  2.2
Fighting       | |  0.3
Dodging        | |  1.9
Unarmed Combat | |  0.7
Spellcasting   | |  2.5
Transmutations | |  1.5
Air Magic      | |  0.2
Poison Magic   | |  3.7

Action                     |  1- 3 |  4- 6 || total
---------------------------+-------+-------++-------
  Melee: Unarmed           |    58 |       ||    58
         Tailslap          |     8 |       ||     8
         Mace              |    15 |     5 ||    20
         Punch             |     1 |       ||     1
   Cast: Sting             |    43 |     3 ||    46
         Poisonous Vapours |    13 |     4 ||    17
   Stab: Sleeping          |     1 |       ||     1
 Armour: Skin              |    31 |    15 ||    46
  Dodge: Dodged            |    51 |    10 ||    61

Table legend: (Time is in decaauts)
 A = Elapsed time spent in this place.
 B = Non-inter-level travel time spent in this place.
 C = Inter-level travel time spent in this place.
 D = Time resting spent in this place.
 E = Time spent auto-exploring this place.
 F = Levels seen in this place.
 G = Mean time per level.
                   A        B        C        D        E       F      G
               +--------+--------+--------+--------+--------+-----+--------+
         Total |   2759 |   2647 |    112 |      0 |   2304 |   4 |  689.8 |
       Dungeon |   2759 |   2647 |    112 |      0 |   2304 |   4 |  689.8 |
               +--------+--------+--------+--------+--------+-----+--------+

Top non-repeatable levels by time:
     D:3: 997 daAuts
     D:2: 983 daAuts
     D:1: 769 daAuts
     D:4: 9 daAuts
